 Dungeon Crawl Stone Soup version 0.31.0-11-ge490571c62 (webtiles) character file.

Game seed: 14323120215792576863

4 qw the Shooter (level 1, 0/12 HPs)
             Began as a Deep Elf Hunter on Feb 3, 2024.
             Slain by a goblin
             ... wielding a +0 club
              (2 damage)
             ... on level 1 of the Dungeon.
             The game lasted 00:00:00 (31 turns).

qw the Shooter (Deep Elf Hunter)                      Turns: 31, Time: 00:00:00

Health: 0/12       AC:  3    Str:  8    XL:     1   Next: 58%
Magic:  3/3        EV: 12    Int: 13    God:
Gold:   0          SH:  0    Dex: 18    Spells: 0/0 levels left

rFire   . . .        a - +0 shortbow
rCold   . . .        (shield currently unavailable)
rNeg    . . .        c - +0 leather armour
rPois   .            (no helmet)
rElec   .            (no cloak)
rCorr   .            (no gloves)
SInv    .            (no boots)
Will    .....        (no amulet)
Stlth   ++           (no ring)
HPRegen 0.22/turn    (no ring)
MPRegen 0.08/turn

%: no passive effects
@: no status effects
A: no striking features
a: no special abilities


You were on level 1 of the Dungeon.
You visited 1 branch of the dungeon, and saw 1 of its levels.


   Skills:
 - Level 1.5 Fighting
 + Level 5.7 Ranged Weapons
 - Level 2.4 Dodging
 - Level 1.2 Stealth


You couldn't memorise any spells.
You didn't know any spells.
Your spell library was empty.

Inventory:

Hand Weapons
 a - a +0 shortbow (weapon)
Armour
 c - a +0 leather armour (worn)
Scrolls
 b - a scroll of butterflies

Dungeon Overview and Level Annotations

Branches:
Dungeon (1/15)

Altars:


Message History

The hobgoblin is moderately wounded.
The ball python barely misses you. The ball python misses you.
The hobgoblin closely misses you.
You shoot an arrow. The arrow hits the hobgoblin!
You kill the hobgoblin!
The ball python bites you. The ball python closely misses you.
You shoot an arrow. The arrow barely misses the goblin.
The ball python bites you but does no damage.
The ball python barely misses you. The goblin barely misses you.
The ball python bites you but does no damage.
The ball python completely misses you.
You shoot an arrow. The arrow misses the goblin.
The goblin hits you with a +0 club. The ball python misses you.
The ball python grabs you. The ball python constricts you.
You shoot an arrow.
The arrow closely misses the ball python.
The arrow closely misses the kobold.
The goblin hits you with a +0 club. The ball python barely misses you.
The ball python constricts you.
A bat comes into view.
A ball python comes into view.
27 ||| RETREEEEATING.
You open the door.
The ball python bites you but does no damage.
The ball python constricts you. The goblin hits you but does no damage.
The ball python bites you but does no damage.
The ball python constricts you.
28 ||| RETREEEEATING.
You escape the ball python's grasp.
The goblin attacks as it pursues you! The goblin hits you with a +0 club.
There is an open door here.
You shoot an arrow. The arrow barely misses the goblin.
The ball python hisses angrily.
The arrow hits the ball python!
You kill the ball python!
The goblin misses you. The goblin completely misses you.
You shoot an arrow. The arrow closely misses the goblin.
The arrow hits the ball python!
You kill the ball python!
The goblin closely misses you.
You shoot an arrow. The arrow closely misses the goblin.
The goblin hits you with a +0 club.
You die...

#.# #.# #.#
#.# ###.#
#...# ###'#.#
#..##.#
###'#@#.#
#<..#.gS#
###+#+#%......
#.......
#.#..)..
..#.....
#......b #..
...) .. ...


You could see a goblin and a ball python.

Vanquished Creatures
  A goblin (D:1)
  A hobgoblin (D:1)
  2 ball pythons (D:1)
4 creatures vanquished.

Notes
Turn   | Place    | Note
-------+----------+-------------------------------------------
     0 | D:1      | qw the Deep Elf Hunter began the quest for the Orb.
     0 | D:1      | Reached XP level 1. HP: 12/12 MP: 3/3
     0 | D:1      | 0 ||| qw: Version: 0.3-a-155-g5e7d8dd
     0 | D:1      | 0 ||| qw: Game counter: 3251
     0 | D:1      | 0 ||| qw: Melee chars always use a shield: true
     0 | D:1      | 0 ||| qw: God list: Okawaru
     0 | D:1      | 0 ||| qw: Allow faded altars: false
     0 | D:1      | 0 ||| qw: Do Orc after clearing Dungeon:15 true
     0 | D:1      | 0 ||| qw: Do second Lair branch before Depths: true
     0 | D:1      | 0 ||| qw: Lair rune preference: random
     0 | D:1      | 0 ||| qw: Goals: Normal
     0 | D:1      | 0 ||| PLANNING D:1-11
    27 | D:1      | 27 ||| RETREEEEATING.
    27 | D:1      | HP: 3/12 [constriction (1)]
    28 | D:1      | 28 ||| RETREEEEATING.
    28 | D:1      | HP: 1/12 [goblin/+0 club (2)]
    31 | D:1      | Slain by a goblin

Levels and vault maps discovered:
D:1:      erik_arrival_triangle_small, layout_rooms

Action                     || total
---------------------------++-------
   Fire: Shortbow          ||    13
 Armour: Leather armour    ||    12
  Dodge: Dodged            ||    13

Table legend:
 A = Non-vault XP
 B = Vault XP
 C = Vault XP percentage of total XP
 D = Non-vault monster count
 E = Vault monster count
 F = Vault count percentage of total count
                 A         B        C        D         E       F
            +---------+---------+-------+---------+---------+-------
      Total |       7 |       0 |   0.0 |       4 |       0 |   0.0
            +---------+---------+-------+---------+---------+-------
        D:1 |       7 |       0 |   0.0 |       4 |       0 |   0.0
            +---------+---------+-------+---------+---------+-------
